 Dungeon Crawl Stone Soup version 0.26-b1-45-g23770d1d51 (webtiles) character file.

Game seed: 17886336388130933059

74 radhat240 the Skirmisher (level 4, 0/41 HPs)
             Began as a Hill Orc Fighter on Jan 6, 2021.
             Slain by Sigmund
             ... wielding a +0 scythe
              (10 damage)
             ... on level 2 of the Dungeon.
             The game lasted 00:06:02 (875 turns).

radhat240 the Skirmisher (Hill Orc Fighter)          Turns: 875, Time: 00:06:03

Health: 0/41       AC:  7    Str: 19    XL:     4   Next: 30%
Magic:  4/4        EV:  7    Int:  8    God:
Gold:   76         SH:  9    Dex: 10    Spells: 3/3 levels left

rFire    . . .     SeeInvis .   a - +0 war axe
rCold    + . .     Faith    .   c - +0 kite shield
rNeg     . . .     Spirit   .   b - +0 scale mail
rPois    .         Reflect  .   (no helmet)
rElec    .         Harm     .   (no cloak)
rCorr    .         Rampage  .   (no gloves)
Will     .....                  (no boots)
Stlth    ..........             (no amulet)
HPRegen  0.13/turn              (no ring)
MPRegen  0.09/turn              (no ring)

@: mighty
A: cold resistance 1, mutation resistance 1
a: no special abilities


You were on level 2 of the Dungeon.
You visited 1 branch of the dungeon, and saw 2 of its levels.

You collected 76 gold pieces.

Inventory:

Hand Weapons
 a - a +0 war axe (weapon)
Armour
 b - a +0 scale mail (worn)
 c - a +0 kite shield (worn)
Scrolls
 g - a scroll of fear {unknown}
Potions
 e - a potion of flight
 f - a potion of brilliance {unknown}


   Skills:
 + Level 4.3 Fighting
 + Level 3.5 Axes
 + Level 4.0 Armour
 + Level 4.0 Shields


You had 3 spell levels left.
You didn't know any spells.
Your spell library was empty.

Dungeon Overview and Level Annotations

Branches:
Dungeon (2/15)

Altars:

Annotations:
D:2 Sigmund


Innate Abilities, Weirdness & Mutations

Your flesh is cold resistant. (rC+)
You are somewhat resistant to further mutation.


Message History

Sigmund hits you but does no damage.
You closely miss Sigmund.
Sigmund is moderately wounded.
Sigmund screams, "Don't try to resist!"
Sigmund points at you and mumbles some strange words.
The magic dart hits you but does no damage.
You barely miss Sigmund.
Sigmund is moderately wounded.
Your shield prevents you from hitting the goblin.
Sigmund zaps a wand.
The puff of flame misses you. You block the goblin's attack.
Sigmund gestures at himself while chanting.
Sigmund flickers and vanishes!
Deactivating autopickup; reactivate with Ctrl-A.
You closely miss something.
Your shield prevents you from hitting the goblin.
The goblin hits you.
* * * LOW HITPOINT WARNING * * *
Something hits you!
You die...

##### #...#
#########
#.(.#######........
##.!.........######.
#>.@g........†..†...
#.#{#######.......#.
#.#.# #........#.#.
# #.# #..(.....#.#.
#.# #........#.#.
#.# ####+#####.#(
#..?....{.....#.##
.........?........
).....#.##.#####


You could see a goblin.

Vanquished Creatures
  3 adders (D:2)
  3 dart slugs (D:1)
  2 leopard geckos (D:2)
  A ball python (D:2)
  3 giant cockroaches
  4 goblins
  6 hobgoblins
  2 jackals (D:1)
  2 quokkas (D:2)
  4 bats
  3 frilled lizards
  4 kobolds
  A rat (D:1)
38 creatures vanquished.

Notes
Turn   | Place    | Note
-------+----------+-------------------------------------------
     0 | D:1      | radhat240 the Hill Orc Fighter began the quest for the Orb.
     0 | D:1      | Reached XP level 1. HP: 19/19 MP: 1/1
     6 | D:1      | Noticed a snapping turtle
     6 | D:1      | Noticed a salamander
     6 | D:1      | Noticed a polar bear
    12 | D:1      | Gained mutation: Your flesh is cold resistant. (rC+)
                  | [potion of mutation]
    12 | D:1      | Gained mutation: You are somewhat resistant to further
                  | mutation. [potion of mutation]
   132 | D:1      | Reached XP level 2. HP: 24/27 MP: 2/2
   382 | D:1      | Reached XP level 3. HP: 33/33 MP: 3/3
   817 | D:2      | Noticed Sigmund
   820 | D:2      | Reached XP level 4. HP: 41/41 MP: 4/4
   875 | D:2      | Slain by Sigmund

Illustrated notes

Levels and vault maps discovered:
D:1:      onia_arrival_zoo_common, layout_loops_ring, item_on_display_a
D:2:      layout_basic, uniq_sigmund

Skill      XL: |  1  2  3  4 |
---------------+-------------+-----
Fighting       | 4 |  4.3
Axes           | 3 |  3.5
Armour         | 4 |  4.0
Shields        | 4 |  4.0

Action                   |  1- 3 |  4- 6 || total
-------------------------+-------+-------++-------
Melee: War axe           |    80 |     7 ||    87
  Use: Potion            |     1 |     1 ||     2
       Scroll            |     1 |       ||     1
Armor: Scale mail        |    29 |     5 ||    34
Dodge: Dodged            |    36 |     3 ||    39
Block: Kite shield       |    46 |     4 ||    50
